 Dungeon Crawl Stone Soup version 0.28.0-55-gcd9437bce4 (webtiles) character file.

Game seed: 17529812936532595718

6428 tkbsonic5 the Skirmisher (level 10, -4/84 HPs)
             Began as a Demonspawn Gladiator on Dec 31, 2022.
             Was a Priest of Okawaru.
             Killed by the air
             ... invoked by a wind drake
              (12 damage)
             ... on level 2 of the Abyss.
             The game lasted 00:40:26 (9798 turns).

tkbsonic5 the Skirmisher (Demonspawn Gladiator)     Turns: 9798, Time: 00:40:27

Health: -4/84      AC: 18    Str: 20    XL:     10   Next: 67%
Magic:  12/12      EV: 12    Int: 13    God:    Okawaru [***...]
Gold:   270        SH:  0    Dex: 14    Spells: 9/9 levels left

rFire   + . .      SeeInvis .   r - +12 glaive of Prune {vorpal}
rCold   . . .      Faith    .   (shield currently unavailable)
rNeg    . . .      Spirit   .   h - +1 chain mail
rPois   .          Reflect  .   s - +0 hat {Stlth+}
rElec   +          Harm     .   l - +0 cloak
rCorr   .          Rampage  .   q - +0 pair of gloves
Will    .....      Rage     1%  (no boots)
Stlth   ++........              (no amulet)
HPRegen 0.24/turn               i - ring of the Harvest {Fire rElec Int+4 Slay+2 Stlth+}
MPRegen 0.26/turn               u - ring of protection from cold

@: heroic, studying Slings
A: antennae 1, rugged brown scales 2, magic regeneration, condensation shield,
talons 1, berserk 1
a: Renounce Religion, Heroism


You were on level 2 of the Abyss.
You worshipped Okawaru.
Okawaru was most pleased with you.
You visited 2 branches of the dungeon, and saw 10 of its levels.
You visited the Abyss 1 time.

You collected 521 gold pieces.
You spent 251 gold pieces at shops.

Inventory:

Hand Weapons
 f - a +0 hunting sling
 r - the +12 glaive of Prune (weapon) {vorpal}
   (You found it on level 8 of the Dungeon)

   It inflicts extra damage upon your enemies.
   It halves damage taken while paralysed, petrified or unconscious.
 w - a +4 vorpal hand crossbow
Missiles
 d - 303 stones
 g - 93 sling bullets
 k - 114 arrows
 B - 5 bolts
 C - 3 poisoned darts (quivered)
Armour
 b - a +0 leather armour
 c - a +0 helmet
 h - a +1 chain mail (worn)
 l - a +0 cloak (worn)
 o - a +0 pair of boots
 p - a +0 troll leather armour
 q - a +0 pair of gloves (worn)
 s - a +0 hat of stealth (worn)
 y - an orb of energy
Jewellery
 i - the ring of the Harvest (left hand) {Fire rElec Int+4 Slay+2 Stlth+}
   (You found it on level 2 of the Dungeon)

   [ring of fire]

   It enhances your fire magic.
   Int:       It affects your intelligence (+4).
   Slay:      It affects your accuracy & damage with ranged weapons and melee
   (+2).
   rF:        It protects you from fire.
   rC:        It makes you vulnerable to cold.
   rElec:     It insulates you from electricity.
   Stlth:     It makes you more stealthy.
 u - a ring of protection from cold (right hand)
 F - an amulet of the acrobat
Wands
 n - a wand of polymorph (18)
Scrolls
 x - a scroll of magic mapping
 E - a scroll of amnesia
Potions
 v - a potion of degeneration
 z - a potion of brilliance
 D - a potion of attraction
Miscellaneous
 A - a piece from Xom's chessboard (15/15)


   Skills:
 * Level 7.9(12.9) Fighting
 * Level 4.4(10.7) Polearms
 - Level 5.5(11.2) Staves
 + Level 2.7(8.6) Slings
 + Level 5.6(10.6) Crossbows
 + Level 3.5(9.0) Throwing
 + Level 6.1(11.1) Armour
 + Level 5.3(10.3) Dodging
 + Level 3.7 Invocations
 + Level 3.3 Evocations


You had 9 spell levels left.
You didn't know any spells.
Your spell library contained the following spells:

 Spells                   Type           Power      Damage    Failure   Level
 Magic Dart               Conj           0%         1d3       90%         1
 Searing Ray              Conj           0%         2d4       97%         2
 Conjure Flame            Conj/Fire      0%         6-21      99%         3
 Ignite Poison            Fire/Tmut/Pois 0%         N/A       99%         3
 Fulminant Prism          Conj/Hex       0%         3d6       100%        4
 Sticky Flame             Conj/Fire      0%         2d3       100%        4
 Storm Form               Tmut/Air       0%         N/A       100%        7
 Maxwell's Capacitive Co  Air            0%         ∞         100%        8
 Summon Lightning Spire   Summ/Air       Unusable   N/A       N/A         4

Dungeon Overview and Level Annotations

Branches:
Dungeon (9/15)             Temple (1/1) D:5            Lair (0/6) D:8
    Orc: D:9-12

Altars:
Ashenzari
Cheibriados
Nemelex Xobeh
Okawaru
Qazlal
Ru
Xom

Shops:
D:2 *   D:5 ?   D:6 [

Annotations:
D:3 3 runed translucent doors, turdburglar's ghost, amateur DsFi
D:4 3 runed translucent doors, Xeneth's ghost, amateur MiFi; macfelon's ghost, amateur DECj; nerdsy's ghost, amateur GnNe
D:5 1 runed translucent door, Crazy Yiuf
D:9 Erolcha


Innate Abilities, Weirdness & Mutations

You have a pair of small antennae on your head.
You are mostly covered in rugged brown scales. (AC +2, +5% HP)
You regenerate magic rapidly.
A meltable shield of frost defends you. (SH +0)
You have sharp toenails.
You tend to lose your temper in combat.


Message History

The harpy claws you. x2
The wind drake flaps its wings at you. The air twists around and strikes you.
You slice the harpy!!
The harpy is severely wounded.
The harpy claws you but does no damage. x2
You slash the harpy!
You kill the harpy!
That felt strangely unrewarding.
The harpy misses you. The harpy claws you.
The harpy claws you but does no damage. x2
You slash the harpy! You claw the harpy.
The harpy is heavily wounded.
The harpy claws you but does no damage. The harpy claws you.
The wind drake flaps its wings at you. The air twists around and strikes you.
The harpy closely misses you. x2
You slice the harpy!!
You kill the harpy!
That felt strangely unrewarding.
You slash the butterfly!
You kill the butterfly!
The spatial vortex hits you! Space warps horribly around you!
* * * LOW HITPOINT WARNING * * *
The wind drake flaps its wings at you. The air twists around and strikes you.
* * * LOW HITPOINT WARNING * * *
The wind drake flaps its wings at you. The air twists around and strikes you.
* * * LOW HITPOINT WARNING * * *
You completely miss the wyvern. You claw the wyvern.
The wyvern is lightly wounded.
The wyvern barely misses you. The wyvern bites you!
* * * LOW HITPOINT WARNING * * *
The wyvern barely misses you. The wyvern barely misses you.
There is a gateway leading deeper into the Abyss here.
The wyvern closely misses you.
The wyvern bites you but does no damage.
The wind drake flaps its wings at you. The air twists around and strikes you!
You die...

# ##........###
#...........#
#.#.#...#.####
.#..#......## #
#.#...#k>...# ..
##
#..##.....#....
................
.#.#...#l#.#..#.
. #####@#.#..#
#.#.# .# ...## #
...## #...#
..... ##.#.#
#.#.#


You could see a wind drake (repels missiles) and a wyvern.

Vanquished Creatures
  Gastronok (D:8)
  2 harpies (Abyss:2)
  Maggie (D:9)
  An eye of devastation (D:7)
  2 unseen horrors (Abyss:2)
  A komodo dragon (D:8)
  A troll (D:8)
  A hornet (D:9)
  Prince Ribbit (D:5)
  Sigmund (D:5)
  A wraith (D:9)
  3 yaks (D:9)
  A fire bat (Abyss:2)
  Grum (D:8)
  A steam dragon (D:6)
  Menkaure (D:7)
  Edmund (D:5)
  3 water moccasins
  2 black bears
  A hornet zombie (D:7)
  An orc warrior (D:6)
  2 sky beasts
  An ogre (D:7)
  3 wolves (D:8)
  A phantom (D:4)
  A kobold brigand (D:7)
  2 scorpions
  3 killer bees (D:6)
  3 wights (D:6)
  2 howler monkeys (D:8)
  2 lava snakes (D:7)
  3 orc priests
  A centaur skeleton (D:7)
  A bullfrog skeleton (D:7)
  3 iguanas
  6 orc wizards
  2 killer bee zombies
  A hound skeleton (D:4)
  Robin (D:3)
  5 gnolls
  3 howler monkey skeletons
  8 adders
  A white imp (D:7)
  2 ufetubi (D:6)
  An adder skeleton (D:4)
  A worm (D:4)
  4 dart slugs
  14 orcs
  9 ball pythons
  9 endoplasms
  3 giant cockroaches
  16 goblins
  8 hobgoblins
  3 quokkas
  7 bats
  A frilled lizard (D:2)
  15 kobolds
  3 rats
  A butterfly (Abyss:2)
180 creatures vanquished.

Vanquished Creatures (collateral kills)
  An ogre (D:6)
  A killer bee (D:6)
  A gnoll (D:6)
  An orc (D:6)
4 creatures vanquished.

Vanquished Creatures (others)
  2 killer bees (D:6)
  A jelly (D:6)
  4 withered plants (D:4)
7 creatures vanquished.

Grand Total: 191 creatures vanquished

Notes
Turn   | Place    | Note
-------+----------+-------------------------------------------
     0 | D:1      | tkbsonic5 the Demonspawn Gladiator began the quest for the
                  | Orb.
     0 | D:1      | Reached XP level 1. HP: 16/16 MP: 1/1
   429 | D:1      | Gained mutation: You have a pair of small antennae on your
                  | head. [demonic ancestry]
   429 | D:1      | Reached XP level 2. HP: 23/23 MP: 2/2
   483 | D:1      | Gained mutation: You tend to lose your temper in combat.
                  | [potion of mutation]
   483 | D:1      | Gained mutation: You have sharp toenails. [potion of
                  | mutation]
  1119 | D:1      | Reached XP level 3. HP: 28/28 MP: 3/3
  1824 | D:2      | Found Xuyxt's Assorted Antiques.
  1832 | D:2      | Bought a chain mail for 76 gold pieces
  1894 | D:2      | Identified the ring of the Harvest {Fire rElec Int+4 Slay+2
                  | Stlth+}
  2179 | D:2      | Reached XP level 4. HP: 34/34 MP: 4/4
  2197 | D:2      | Reached skill level 3 in Fighting
  2736 | D:3      | Found a runed translucent gate.
  2736 | D:3      | Found a runed translucent gate.
  2740 | D:3      | Found a runed translucent gate.
  2855 | D:3      | Noticed turdburglar's ghost (amateur DsFi)
  2964 | D:3      | Noticed Robin
  2969 | D:3      | Killed Robin
  2970 | D:3      | Reached skill level 1 in Armour
  2987 | D:3      | Reached XP level 5. HP: 41/41 MP: 5/5
  3449 | D:3      | Found a faded altar of an unknown god.
  3580 | D:4      | Found a runed translucent gate.
  3580 | D:4      | Found a runed translucent gate.
  3583 | D:4      | Found a runed translucent gate.
  3584 | D:4      | Noticed macfelon's ghost (amateur DECj)
  3584 | D:4      | Noticed Xeneth's ghost (amateur MiFi)
  3584 | D:4      | Noticed nerdsy's ghost (amateur GnNe)
  3616 | D:4      | Found a shimmering altar of Xom.
  3621 | D:4      | Found a shimmering altar of Xom.
  3621 | D:4      | Found a shimmering altar of Xom.
  3627 | D:4      | Reached skill level 1 in Staves
  3665 | D:4      | Found a sand-covered staircase.
  4161 | D:4      | Noticed a phantom
  4164 | D:4      | Killed a phantom
  4382 | D:5      | Entered Level 5 of the Dungeon
  4386 | D:5      | Noticed a sky beast
  4390 | D:5      | Killed a sky beast
  4391 | D:5      | Reached XP level 6. HP: 48/48 MP: 6/6
  4459 | D:5      | Noticed Sigmund
  4484 | D:5      | Killed Sigmund
  4485 | D:5      | Reached skill level 4 in Fighting
  4485 | D:5      | Reached skill level 1 in Crossbows
  4607 | D:5      | Found a runed translucent door.
  4613 | D:5      | Noticed Crazy Yiuf
  4695 | D:5      | Found Vomaraot's Magic Scroll Shoppe.
  4702 | D:5      | Bought a scroll of identify for 22 gold pieces
  4702 | D:5      | Bought a scroll of identify for 22 gold pieces
  4702 | D:5      | Bought a scroll of enchant weapon for 82 gold pieces
  4717 | D:5      | Noticed Edmund
  4727 | D:5      | Gained mutation: You are partially covered in rugged brown
                  | scales. (AC +1, +3% HP) [demonic ancestry]
  4727 | D:5      | Reached XP level 7. HP: 48/55 MP: 7/7
  4727 | D:5      | Killed Edmund
  4800 | D:5      | Noticed Prince Ribbit
  4824 | D:5      | Killed Prince Ribbit
  4825 | D:5      | Found a staircase to the Ecumenical Temple.
  5028 | D:5      | Paralysed by an orc for 6 turns
  5158 | D:5      | Reached skill level 5 in Fighting
  5158 | D:5      | Gained mutation: You are mostly covered in rugged brown
                  | scales. (AC +2, +5% HP) [demonic ancestry]
  5158 | D:5      | Reached XP level 8. HP: 52/65 MP: 8/8
  5802 | D:6      | HP: 2/67 [orc warrior/+0 glaive (10)]
  6140 | D:6      | Found Retutur's Armour Shoppe.
  6159 | D:6      | Bought a +0 pair of boots for 49 gold pieces
  6286 | D:6      | Reached skill level 6 in Fighting
  6322 | D:6      | Gained mutation: A meltable shield of frost defends you.
                  | (SH +0) [demonic ancestry]
  6322 | D:6      | Reached XP level 9. HP: 72/72 MP: 9/9
  6691 | Temple   | Entered the Ecumenical Temple
  6738 | Temple   | Became a worshipper of Warmaster Okawaru
  6874 | D:7      | Reached skill level 1 in Evocations
  7025 | D:7      | Noticed Menkaure
  7027 | D:7      | Killed Menkaure
  7112 | D:7      | Reached skill level 5 in Armour
  7156 | D:7      | Reached skill level 5 in Staves
  7843 | D:7      | Reached * piety under Okawaru
  7961 | D:8      | Noticed Grum
  7963 | D:8      | Noticed a komodo dragon
  7983 | D:8      | Reached skill level 1 in Invocations
  7986 | D:8      | Killed Grum
  7989 | D:8      | Reached skill level 5 in Crossbows
  7995 | D:8      | Killed a komodo dragon
  7996 | D:8      | Reached skill level 7 in Fighting
  8622 | D:8      | Noticed a two-headed ogre
  8622 | D:8      | Found the +12 glaive of Prune {vorpal}
  8624 | D:8      | Noticed a shock serpent
  8624 | D:8      | a two-headed ogre changed into a shock serpent
  8626 | D:8      | Identified a scroll of acquirement
  8626 | D:8      | Acquired a manual of Slings
  8636 | D:8      | Noticed a troll
  8648 | D:7      | Noticed an eye of devastation
  8648 | D:7      | a shock serpent changed into an eye of devastation
  8658 | D:7      | Killed an eye of devastation
  8817 | D:8      | Killed a troll
  8818 | D:8      | Gained mutation: You regenerate magic rapidly. [demonic
                  | ancestry]
  8818 | D:8      | Reached XP level 10. HP: 62/82 MP: 8/11
  8986 | D:8      | Found a staircase to the Lair.
  9075 | D:8      | Noticed Gastronok
  9090 | D:8      | Killed Gastronok
  9090 | D:8      | Reached ** piety under Okawaru
  9091 | D:8      | Reached skill level 1 in Slings
  9091 | D:8      | Reached skill level 5 in Dodging
  9647 | D:9      | Noticed Maggie
  9657 | D:9      | Killed Maggie
  9731 | D:9      | Reached *** piety under Okawaru
  9764 | D:9      | Noticed Erolcha
  9773 | D:9      | Cast into level 2 of the Abyss (Erolcha)
  9773 | Abyss:2  | Noticed a harpy
  9773 | Abyss:2  | Noticed a harpy
  9783 | Abyss:2  | Killed a harpy
  9785 | Abyss:2  | Killed a harpy
  9798 | Abyss:2  | Killed from afar by a wind drake

Illustrated notes

Levels and vault maps discovered:
D:1:      minmay_arrival_split_and_join, layout_basic
D:2:      minmay_inner_zag, layout_loops_ring, serial_shops, shop,
          grunt_decor_resistance
D:3:      layout_basic, shapermc_ecumenical_altar_mp_vishouse,
          gammafunk_ghost_icy, uniq_robin
D:4:      layout_basic, xom_redecorated, chequers_ossuary_entry_cave,
          gammafunk_ghost_cemetery
D:5:      layout_rooms, minmay_temple_entry_stoned_glass, serial_shops,
          nicolae_shop_stone, kennysheep_generic_room_13,
          uniq_crazy_yiuf_cottage, uniq_sigmund, uniq_edmund,
          uniq_prince_ribbit1
D:6:      layout_cave_pools, serial_rivers, chequers_serial_rivers_large_a,
          chequers_serial_rivers_micro_d, chequers_serial_rivers_marsh,
          chequers_serial_rivers_micro_a, serial_shops, shop_coins
D:7:      layout_cave_pools, minmay_misc_feat_rows, grunt_decor_junction,
          grunt_ministairs_14, minmay_fountain_box, nicolae_water_bricks,
          minmay_splitting_lines, minmay_crystal_water, uniq_menkaure
D:8:      layout_rooms, lair_entry_dummy, enter_bailey_5,
          small_chamber_with_monster, hangedman_decor_riveting, glass_columns_a,
          uniq_gastronok, uniq_grum
D:9:      layout_cave_pools, uniq_maggie, uniq_erolcha
Temple:   mainiacjoe_temple_hex_bubbles
Abyss:2:  base: D:3, hangedman_abyss_batty_box, hangedman_abyss_or_decor_stabs

Skill      XL: |  1  2  3  4  5  6  7  8  9 10 |
---------------+-------------------------------+-----
Polearms       | 3 4 |  4.4
Throwing       | 2 3 |  3.5
Fighting       | 3 4 5 6 7 |  7.9
Armour         | 1 2 3 4 5 6 |  6.1
Staves         | 1 2 3 4 5 |  5.5
Dodging        | 3 4 5 |  5.3
Crossbows      | 1 2 4 5 |  5.6
Evocations     | 2 3 |  3.3
Invocations    | 2 3 |  3.7
Slings         | 2 |  2.7

Action                   |  1- 3 |  4- 6 |  7- 9 | 10-12 || total
-------------------------+-------+-------+-------+-------++-------
Melee: Trident           |   113 |     3 |       |       ||   116
       Kick              |    13 |    10 |    36 |    21 ||    80
       Quarterstaff      |     5 |    59 |   106 |     3 ||   173
       Spear             |       |       |    13 |       ||    13
       Glaive            |       |       |       |    50 ||    50
 Fire: Hand crossbow     |       |    34 |   140 |    13 ||   187
Throw: Throwing net      |     8 |       |       |       ||     8
       Stone             |       |    22 |       |       ||    22
       Dart              |       |       |     5 |    10 ||    15
Invok: Heroism           |       |       |     4 |     2 ||     6
Evoke: Wand              |       |       |    13 |    21 ||    34
  Use: Scroll            |     1 |    14 |    12 |     2 ||    29
       Potion            |     1 |     3 |     1 |     1 ||     6
 Stab: Sleeping          |     2 |       |       |       ||     2
       Held in net/web   |     1 |       |       |       ||     1
Armor: Leather armour    |    19 |       |     1 |       ||    20
       Chain mail        |     7 |    40 |    94 |    47 ||   188
       Skin              |       |     8 |       |       ||     8
Dodge: Dodged            |    57 |    20 |    77 |    53 ||   207
Block: Other             |       |       |     9 |     6 ||    15
